 Dungeon Crawl Stone Soup version 0.27.0-1-g7a08968 (webtiles) character file.

Game seed: 15851952126979432539

326 Punkdog the Skirmisher (level 6, -6/56 HPs)
             Began as a Minotaur Fighter on Jan 24, 2022.
             Was a Follower of the Shining One.
             Mangled by an orc warrior (15 damage)
             ... on level 6 of the Dungeon.
             The game lasted 00:04:10 (2276 turns).

Punkdog the Skirmisher (Minotaur Fighter)           Turns: 2276, Time: 00:04:10

Health: -6/56      AC:  7    Str: 21    XL:     6   Next: 24%
Magic:  5/5        EV: 12    Int:  5    God:    the Shining One [*.....]
Gold:   229        SH: 15    Dex: 11    Spells: 5/5 levels left

rFire    . . .     SeeInvis .   a - +0 war axe
rCold    . . .     Faith    .   c - +0 kite shield
rNeg     . . .     Spirit   .   b - +0 scale mail
rPois    .         Reflect  +   (helmet restricted)
rElec    .         Harm     .   (no cloak)
rCorr    .         Rampage  .   (no gloves)
Will     .....                  (no boots)
Stlth    ..........             j - amulet of reflection
HPRegen  0.18/turn              m - +4 ring of evasion
MPRegen  0.09/turn              (no ring)

@: glowing
A: horns 2, retaliatory headbutt
a: Renounce Religion


You were on level 6 of the Dungeon.
You worshipped the Shining One.
The Shining One was aware of your devotion.
You visited 1 branch of the dungeon, and saw 5 of its levels.

You collected 229 gold pieces.

Inventory:

Hand Weapons
 a - a +0 war axe (weapon)
Armour
 b - a +0 scale mail (worn)
 c - a +0 kite shield (worn)
Jewellery
 j - an amulet of reflection (around neck)
 m - a +4 ring of evasion (left hand)
Scrolls
 e - 2 scrolls of identify {unknown}
 f - a scroll of magic mapping {unknown}
 g - 2 scrolls of noise {unknown}
 i - a scroll of fear {unknown}
Potions
 h - 3 potions of curing {unknown}
 k - a potion of attraction {unknown}
 l - a potion of brilliance {unknown}


   Skills:
 * Level 5.0 Fighting
 * Level 4.1 Axes
 * Level 4.9 Armour
 * Level 2.8 Dodging
 * Level 5.0 Shields


You had 5 spell levels left.
You didn't know any spells.
Your spell library contained the following spells:

 Spells                   Type           Power      Damage    Failure   Level
 Slow                     Hex            0%         N/A       100%        2
 Confusing Touch          Hex            0%         N/A       100%        3
 Ignite Poison            Fire/Tmut/Pois 0%         N/A       100%        3
 Mephitic Cloud           Conj/Pois/Air  0%         N/A       100%        3
 Vampiric Draining        Necr           0%         2d6       100%        3
 Bolt of Magma            Conj/Fire/Erth 0%         4d4       100%        5


Dungeon Overview and Level Annotations

Branches:
Dungeon (4/15)             Temple (0/1) D:4

Altars:
Cheibriados
Hepliaklqana
Vehumet
Zin
The Shining One


Innate Abilities, Weirdness & Mutations

You have a pair of horns on your head.
You reflexively headbutt those who attack you in melee.


Message History

You hit the orc warrior but do no damage.
Your headbutt misses the orc warrior.
The orc warrior is lightly wounded.
You hit the iguana. The iguana closely misses you. The orc warrior misses you.
You hear some strange, mumbled words.
Okay, then.
You're too confused to move!
The iguana bites you!
Something hits the iguana but does no damage.
The orc warrior hits you with a +0 morningstar!!
You closely miss the orc warrior.
The orc warrior is lightly wounded.
You barely miss the iguana.
You feel less confused. The iguana closely misses you.
Something hits the iguana.
The orc warrior closely misses you. You furiously retaliate!
You headbutt the orc warrior. The iguana closely misses you.
You hit the orc warrior but do no damage.
The orc warrior is moderately wounded.
You barely miss the iguana. The iguana bites you.
You block the orc warrior's attack.
You hit the orc warrior.
The orc warrior is heavily wounded.
You closely miss the orc wizard. You barely miss the iguana.
You block the iguana's attack.
Something hits the iguana.
The orc warrior hits you with a +0 morningstar!
* * * LOW HITPOINT WARNING * * *
The orc wizard casts a spell at you. The magic dart hits you.
* * * LOW HITPOINT WARNING * * *
The iguana bites you but does no damage.
You block the orc warrior's attack.
You hit the orc warrior but do no damage.
Your headbutt misses the orc warrior.
The orc warrior is heavily wounded.
You barely miss the orc wizard. You hit the iguana. You slash the orc wizard!
The orc wizard points at you and mumbles some strange words.
The puff of flame misses you.
The puff of flame hits the orc warrior!
You block the iguana's attack.
The orc warrior hits you with a +0 morningstar!
You die...

#######.....# #.....#.....#
#.....#.....# #.....'.....#
############.....#
#................######
#......................
#.....o................
#.....@l...............
#.....o....)........... .
##.....#########'#######...... ..
.......# #........#...... ...
#......# #........####'##
...##......# #.........#....{
...........#.....#.........#.....
...........#.....#.........#.....
...........#.....#.........#.....


You could see an orc warrior, an iguana and an orc wizard (invisible).

Vanquished Creatures
  A hornet zombie (D:6)
  An ogre (D:4)
  A bullfrog skeleton (D:6)
  Jessica (D:3)
  3 adders (D:3)
  A worm (D:3)
  4 dart slugs
  An orc (D:6)
  5 endoplasms
  A giant cockroach (D:1)
  6 goblins
  5 hobgoblins
  3 quokkas
  5 ball pythons
  6 bats
  3 frilled lizards
  6 kobolds
  4 rats
57 creatures vanquished.

Notes
Turn   | Place    | Note
-------+----------+-------------------------------------------
     0 | D:1      | Punkdog the Minotaur Fighter began the quest for the Orb.
     0 | D:1      | Reached XP level 1. HP: 19/19 MP: 0/0
   200 | D:1      | Reached XP level 2. HP: 27/27 MP: 1/1
   693 | D:2      | Reached skill level 1 in Dodging
   844 | D:2      | Reached XP level 3. HP: 32/33 MP: 2/2
   899 | D:2      | Found a glowing silver altar of Zin.
  1360 | D:3      | Found a hazy altar of Hepliaklqana.
  1376 | D:3      | Found a radiant altar of Vehumet.
  1388 | D:3      | Noticed Jessica
  1390 | D:3      | Killed Jessica
  1391 | D:3      | Reached XP level 4. HP: 40/40 MP: 3/3
  1657 | D:3      | Found a faded altar of an unknown god.
  1669 | D:3      | Became a worshipper of the Shining One
  1669 | D:3      | Reached * piety under the Shining One
  1977 | D:4      | Noticed an ogre
  1983 | D:4      | Killed an ogre
  1984 | D:4      | Reached XP level 5. HP: 35/47 MP: 4/4
  2002 | D:4      | Found a staircase to the Ecumenical Temple.
  2006 | D:4      | You fall into a shaft and drop 2 floors!
  2064 | D:6      | Found a snail-covered altar of Cheibriados.
  2139 | D:6      | Reached skill level 5 in Fighting
  2139 | D:6      | Reached XP level 6. HP: 38/56 MP: 5/5
  2240 | D:6      | Noticed an orc warrior
  2265 | D:6      | Reached skill level 5 in Shields
  2276 | D:6      | Mangled by an orc warrior

Illustrated notes

Levels and vault maps discovered:
D:1:      kennysheep_arrival_seaside, layout_rooms
D:2:      layout_loops_ring, basic_altar
D:3:      layout_loops_ring, mainiacjoe_overflow_chevrons,
          overflow_temple_1_default,
          hellmonk_ecumenical_altar_pennies_from_heaven, minmay_three_crescents,
          uniq_jessica
D:4:      layout_rooms, temple_doors_e, lightli_ossuary_entry_decrepit_ruins,
          serial_curves, eino_curves_02, eino_curves_04
D:6:      layout_gridville, mainiacjoe_overflow_alcove_1,
          general_overflow_altar, kennysheep_mini_moat,
          gammafunk_ghost_mausoleum, ebering_dispersal_statue_hall,
          minmay_unpleasant_kobolds

Skill      XL: |  1  2  3  4  5  6 |
---------------+-------------------+-----
Dodging        | 1 2 |  2.8
Shields        | 4 5 |  5.0
Armour         | 4 |  4.9
Fighting       | 4 5 |  5.0
Axes           | 3 4 |  4.1

Action                   |  1- 3 |  4- 6 || total
-------------------------+-------+-------++-------
Melee: War axe           |    71 |    54 ||   125
       Headbutt          |     7 |     8 ||    15
  Use: Potion            |       |     1 ||     1
Armor: Scale mail        |    35 |    14 ||    49
Dodge: Dodged            |    20 |    25 ||    45
Block: Kite shield       |    43 |    31 ||    74
       Reflection        |     3 |     1 ||     4
